 Dungeon Crawl Stone Soup version 0.28.0-43-g3370ac3207 (webtiles) character file.

Game seed: 16028742004182735466

362 NinjaNoafa the Chiller (level 6, -10/43 HPs)
             Began as a Merfolk Ice Elementalist on Apr 1, 2022.
             Was an Initiate of Gozag.
             Killed by divine providence
             ... invoked by an orc priest
              (16 damage)
             ... on level 5 of the Dungeon.
             The game lasted 00:20:09 (6810 turns).

NinjaNoafa the Chiller (Merfolk Ice Elementalist)   Turns: 6810, Time: 00:20:11

Health: -10/43     AC:  2    Str:  9    XL:     6   Next: 66%
Magic:  10/10      EV: 13    Int: 16    God:    Gozag
Gold:   540        SH:  3    Dex: 14    Spells: 7/11 levels left

rFire   . . .      SeeInvis .   m - staff of air
rCold   . . .      Faith    .   d - +0 buckler
rNeg    . . .      Spirit   .   a - +0 robe
rPois   .          Reflect  .   (no helmet)
rElec   +          Harm     .   (no cloak)
rCorr   .          Rampage  .   (no gloves)
Will    .....                   (no boots)
Stlth   ++........              (no amulet)
HPRegen 0.14/turn               (no ring)
MPRegen 0.12/turn               (no ring)

@: no status effects
A: (nimble swimmer 2), mertail
a: Renounce Religion, Potion Petition, Call Merchant, Bribe Branch


You were on level 5 of the Dungeon.
You worshipped Gozag.
Gozag was pleased with you.
You visited 2 branches of the dungeon, and saw 6 of its levels.

You collected 540 gold pieces.

Inventory:

Hand Weapons
 e - a +0 short sword
 l - a +2 falchion of holy wrath
Missiles
 c - 150 stones
Armour
 a - a +0 robe (worn)
 b - the +1 pair of boots "Xudirori" {Dex+4}
   (You found it on level 5 of the Dungeon)

   Dex:       It affects your dexterity (+4).
 d - a +0 buckler (worn)
Magical Staves
 m - a staff of air (weapon)
Scrolls
 i - 2 scrolls of teleportation


   Skills:
 - Level 1.1 Fighting
 - Level 4.0 Dodging
 - Level 3.3 Stealth
 + Level 3.1 Spellcasting
 * Level 6.2 Ice Magic
 * Level 1.6 Air Magic
 + Level 1.0 Evocations


You had 7 spell levels left.
You knew the following spells:

 Your Spells              Type           Power      Damage    Failure   Level
a - Freeze                Ice            88%        1d10      1%          1
b - Ozocubu's Armour      Ice            22%        N/A       6%          3

Your spell library contained the following spells:

 Spells                   Type           Power      Damage    Failure   Level
 Frozen Ramparts          Ice            44%        1d6       6%          3
 Shock                    Conj/Air       28%        1d4       19%         1
 Swiftness                Air            11%        N/A       36%         3
 Hailstorm                Conj/Ice       12%        3d5       56%         4
 Airstrike                Air            5%         N/A       78%         4


Dungeon Overview and Level Annotations

Branches:
Dungeon (5/15)             Temple (1/1) D:4

Altars:
Ashenzari
Cheibriados
Dithmenos
Elyvilon
Fedhas
Gozag
Kikubaaqudgha
Makhleb
Nemelex Xobeh
Okawaru
Qazlal
Ru
Sif Muna
Trog
Uskayaw
Wu Jian
Xom
Yredelemnul
Zin
The Shining One

Shops:
D:2 [


Innate Abilities, Weirdness & Mutations

((You are very nimble when in or above water. (Stealth+, EV+, Speed+++)))
Your lower body shifts to a powerful aquatic tail in water.


Message History

You block the quokka's attack.
You hit the quokka.
The quokka is almost dead.
The quokka barely misses you. The quokka bites you.
You barely miss the quokka.
The quokka is almost dead.
The quokka closely misses you.
You hit the quokka but do no damage.
The quokka is almost dead.
You block the quokka's attack. The quokka barely misses you.
You hit the quokka.
You kill the quokka!
You now have 540 gold pieces (gained 7).
There is a stone staircase leading down here.
Done exploring.
Done exploring.
You climb downwards.
Found a pair of faintly humming boots.
Found a stone staircase leading down.
There is a stone staircase leading up here.
The orc priest shouts!
An orc comes into view. It is wielding a +0 club.
The orc priest invokes the aid of Beogh against you.
Beogh smites you!
The orc priest invokes the aid of Beogh against you.
Beogh smites you!
An adder skeleton comes into view.
The orc priest mumbles some strange prayers to Beogh against you.
Beogh smites you!
* * * LOW HITPOINT WARNING * * *
The orc priest looks encouraged for a moment.
You see here the +1 pair of boots "Xudirori" {Dex+4}.
b - the +1 pair of boots "Xudirori" {Dex+4} You start putting on your armour.
You continue putting on the +1 pair of boots "Xudirori" {Dex+4}.
The orc priest shouts!
You continue putting on the +1 pair of boots "Xudirori" {Dex+4}. x2
The orc priest invokes the aid of Beogh against you.
Beogh smites you!
You die...
Your body crumbles into a pile of gold.

$ ### ### ..#
#>. #.# #.#
#.#.##.###
#.#......######
#.####.........
#@.o.oo<...o.#
########o###o#
..o .### .# ##
$


You could see 3 orc priests and an orc.

Vanquished Creatures
  A centaur zombie (D:3)
  An orc priest (D:4)
  A jelly (D:4)
  Ijyb (D:4)
  An iguana (D:3)
  2 orc wizards (D:4)
  A hound skeleton (D:4)
  6 adders
  2 ufetubi
  An adder skeleton (D:3)
  A worm (D:2)
  2 dart slugs
  11 orcs
  4 ball pythons
  9 endoplasms
  6 giant cockroaches
  5 goblins (D:1)
  5 hobgoblins
  5 kobolds
  4 quokkas
  5 bats
  4 frilled lizards
  6 rats
84 creatures vanquished.

Notes
Turn   | Place    | Note
-------+----------+-------------------------------------------
     0 | D:1      | NinjaNoafa the Merfolk Ice Elementalist began the quest for
                  | the Orb.
     0 | D:1      | Reached XP level 1. HP: 13/13 MP: 3/3
   431 | D:1      | Reached XP level 2. HP: 12/19 MP: 3/5
  1298 | D:1      | Reached XP level 3. HP: 24/24 MP: 6/6
  1524 | D:1      | You fall into a shaft and drop 1 floor!
  1866 | D:2      | Found Efezak's Armour Shop.
  1992 | D:2      | Reached skill level 5 in Ice Magic
  2265 | D:2      | Found a faded altar of an unknown god.
  2271 | D:2      | Prayed at the altar of an unknown god.
  2271 | D:2      | Became a worshipper of Gozag Ym Sagoz the Greedy
  2565 | D:2      | Reached XP level 4. HP: 26/30 MP: 4/7
  3299 | D:3      | Reached XP level 5. HP: 36/36 MP: 9/9
  3505 | D:3      | Found a shadowy altar of Dithmenos.
  3527 | D:3      | Reached skill level 1 in Fighting
  3735 | D:3      | Found a snail-covered altar of Cheibriados.
  3848 | D:3      | Found a sacrificial altar of Ru.
  4689 | D:4      | Learned a level 3 spell: Ozocubu's Armour
  4692 | D:4      | Noticed Ijyb
  5053 | D:4      | Reached XP level 6. HP: 9/43 MP: 5/10
  5340 | D:4      | Found a staircase to the Ecumenical Temple.
  5367 | D:4      | Reached skill level 1 in Air Magic
  5400 | D:4      | Reached skill level 6 in Ice Magic
  5669 | Temple   | Entered the Ecumenical Temple
  6109 | D:4      | Reached skill level 1 in Evocations
  6340 | D:4      | Killed Ijyb
  6799 | D:5      | Entered Level 5 of the Dungeon
  6805 | D:5      | Identified the +1 pair of boots "Xudirori" {Dex+4}
  6810 | D:5      | Killed from afar by an orc priest

Illustrated notes

Levels and vault maps discovered:
D:1:      minmay_arrival_shattered_statue, layout_basic
D:2:      layout_basic, serial_shops, shop_coins, basic_ecumenical_altar
D:3:      layout_loops_corners, mainiacjoe_overflow_alcove_2,
          mainiacjoe_overflow_swirl, minmay_tree_intersection
D:4:      layout_basic, temple_fountains, uniq_ijyb
D:5:      minmay_chambers_of_threes, layout_basic
Temple:   kb_temple_of_zot

Skill      XL: |  1  2  3  4  5  6 |
---------------+-------------------+-----
Dodging        | 3 4 |  4.0
Ice Magic      | 5 6 |  6.2
Stealth        | 3 |  3.3
Fighting       | 1 |  1.1
Air Magic      | 1 |  1.6
Spellcasting   | 3 |  3.1
Evocations     | 1 |  1.0

Action                   |  1- 3 |  4- 6 || total
-------------------------+-------+-------++-------
Melee: Short sword       |   102 |    14 ||   116
       Unarmed           |     1 |       ||     1
       Falchion          |       |   114 ||   114
       Punch             |       |     1 ||     1
       Staff             |       |    64 ||    64
Throw: Stone             |    13 |    25 ||    38
 Cast: Freeze            |    22 |    31 ||    53
       Ozocubu's Armour  |       |     2 ||     2
  Use: Scroll            |       |     5 ||     5
       Potion            |       |    11 ||    11
 Stab: Sleeping          |     7 |     4 ||    11
Armor: Robe              |    20 |    55 ||    75
       Skin              |       |    27 ||    27
Dodge: Dodged            |    73 |   192 ||   265
Block: Buckler           |       |     8 ||     8
